[Event "45th FIDE Olympiad 2024"]
[Site "Budapest"]
[Date "2024.09.14"]
[Round "4.7"]
[White "Sjugirov, Sanan"]
[Black "Sonis, Francesco"]
[Result "1-0"]
[ECO "B90"]
[WhiteElo "2644"]
[BlackElo "2554"]
[Annotator "TA"]
[PlyCount "41"]
[EventDate "2024.09.05"]
[EventType "team-tourn"]
[EventCountry "HUN"]
[SourceTitle "playchess.com"]
[Source "ChessBase"]
[SourceQuality "1"]
[WhiteTeam "Hungary"]
[BlackTeam "Italy"]
[WhiteTeamCountry "HUN"]
[BlackTeamCountry "ITA"]
[TimeControl "40/5400+30:1800+30"]

1. e4 c5 2. Nf3 d6 3. d4 cxd4 4. Nxd4 Nf6 5. Nc3 a6 6. Bd3 g6 7. f3 Nc6 8. Be3 Bg7 9. Qd2 {[%emt 0:01:10] The position is equal.} O-O 10. O-O-O Bd7 11. Kb1 b5 ({Black should play} 11... Rb8 $14) 12. Nxc6 $1 $16 Bxc6 13. Bh6 {[%emt 0:00:06] White is more active.} b4 14. Ne2 Qa5 15. h4 {[%emt 0:02:40][%cal Bh2h4,Bh4h5][%mdl 32] Black must now prevent h5!} Bxh6 16. Qxh6 {[%emt 0:00:29][%cal Oh4h5] Strongly threatening h5!} Kh8 17. g4 Qc5 {[%emt 0:13:32] [#] Wards off Nd4} (17... Qe5 $14) 18. Ng3 (18. Nc1 $1 $16) 18... Bb5 (18... Qe5 $11 {keeps the balance.} 19. Nf1 a5) 19. Qd2 Nd7 20. h5 {[%emt 0:05:08] Threatens to win with Qh6.} Ne5 $2 {[%emt 0:08:13][%mdl 8192] [#]} (20... g5 $16) 21. Qh6 $1 {[%emt 0:02:38] Weighted Error Value: White=0.17 (very precise) /Black=0.34.  Loses game:     	---       	Black=1      Mistake:       	White=1     	Black=3      Inaccurate:     	White=2     	Black=3      OK:         	White=4     	Black=3      Best:        	---       	Black=1      Strong:       	White=2     	---} 1-0

[Event "45th FIDE Olympiad 2024"]
[Site "Budapest"]
[Date "2024.09.14"]
[Round "4.7"]
[White "Pillay, Ragul"]
[Black "Kebede, Yoseph Kifle"]
[Result "0-1"]
[ECO "D31"]
[WhiteElo "1633"]
[BlackElo "2037"]
[PlyCount "100"]
[EventDate "2024.09.05"]
[EventType "team-tourn"]
[EventCountry "HUN"]
[WhiteTeam "Seychelles"]
[BlackTeam "Ethiopia"]
[WhiteTeamCountry "SEY"]
[BlackTeamCountry "ETH"]
[TimeControl "40/5400+30:1800+30"]

1. d4 d5 2. c4 e6 3. Nc3 a6 4. a4 Nc6 5. Nf3 dxc4 6. e4 Na5 7. Ne5 Nb3 8. Rb1 Qxd4 9. Qxd4 Nxd4 10. Bxc4 Ne7 11. O-O Nec6 12. Bf4 Bd6 13. Nxc6 Nxc6 14. Bxd6 cxd6 15. Rfd1 Ke7 16. b4 Ne5 17. Be2 g5 18. Rd2 b6 19. Rc1 Rd8 20. Nd1 Bb7 21. f3 Rdc8 22. Rb1 Rc7 23. Ne3 Rac8 24. Kf2 Rc1 25. Rbb2 Ra1 26. a5 b5 27. Rd4 Nc6 28. Rd3 Ne5 29. Rd4 Nc6 30. Rd3 Ra4 31. Nc2 Ne5 32. Rd4 d5 33. exd5 Bxd5 34. Ne3 Bb7 35. Bf1 Rd8 36. Rxd8 Kxd8 37. Nc2 Bd5 38. h3 Ra2 39. Rxa2 Bxa2 40. Nd4 Kc7 41. Ke3 Nc6 42. Nxc6 Kxc6 43. Kd4 Kd6 44. Bd3 h5 45. Be2 h4 46. Bd3 f5 47. Ke3 Ke5 48. Bc2 Bc4 49. Kf2 f4 50. Be4 Bd5 {0-} 0-1

[Event "45th FIDE Olympiad 2024"]
[Site "Budapest"]
[Date "2024.09.14"]
[Round "4.8"]
[White "Brunello, Sabino"]
[Black "Gledura, Benjamin"]
[Result "1/2-1/2"]
[ECO "D45"]
[WhiteElo "2511"]
[BlackElo "2628"]
[Annotator "TA"]
[PlyCount "67"]
[EventDate "2024.09.05"]
[EventType "team-tourn"]
[EventCountry "HUN"]
[SourceTitle "playchess.com"]
[Source "ChessBase"]
[SourceQuality "1"]
[WhiteTeam "Italy"]
[BlackTeam "Hungary"]
[WhiteTeamCountry "ITA"]
[BlackTeamCountry "HUN"]
[TimeControl "40/5400+30:1800+30"]

1. Nf3 d5 2. d4 Nf6 3. c4 e6 4. Nc3 c6 5. e3 Nbd7 6. Qc2 Bd6 7. b3 O-O 8. Be2 b6 9. O-O Bb7 10. Bb2 Qe7 11. Rad1 Rad8 12. Rfe1 Rfe8 13. Bf1 h6 14. e4 Nxe4 15. Nxe4 {[%emt 0:00:07] The position is equal.} dxe4 16. Qxe4 Qf8 17. Ne5 Nxe5 18. dxe5 Bb4 19. Bd3 Rxd3 20. Rxd3 Bxe1 21. Qxe1 Rd8 {[%emt 0:00:14] Prevents Rd7} 22. Qd1 Rxd3 23. Qxd3 $11 {[%emt 0:00:02][%mdl 4096] Endgame. KQB-KQB} Qe7 24. Qd6 Qxd6 25. exd6 {[%emt 0:00:02] [#] Strongly threatening d7. KB-KB} Bc8 26. b4 f6 27. f4 Kf7 28. Kf2 Ba6 29. c5 b5 30. g4 Bc8 31. h4 e5 {[%emt 0:03:28] White has an edge.} 32. fxe5 Bxg4 33. exf6 gxf6 34. Kg3 {[%emt 0:00:22] Weighted Error Value: White=0.04 (flawless) /Black=0.04 (flawless) .  Inaccurate:     	---       	Black=1      OK:         	White=7     	Black=13     Best:        	White=1     	---} 1/2-1/2

[Event "45th FIDE Olympiad 2024"]
[Site "Budapest"]
[Date "2024.09.14"]
[Round "4.8"]
[White "Shiferaw, Yalemzewde Mekonnen"]
[Black "Pillay, Harish"]
[Result "1-0"]
[ECO "A54"]
[WhiteElo "2025"]
[BlackElo "1561"]
[PlyCount "81"]
[EventDate "2024.09.05"]
[EventType "team-tourn"]
[EventCountry "HUN"]
[WhiteTeam "Ethiopia"]
[BlackTeam "Seychelles"]
[WhiteTeamCountry "ETH"]
[BlackTeamCountry "SEY"]
[TimeControl "40/5400+30:1800+30"]

1. c4 e5 2. g3 Nf6 3. Bg2 Nc6 4. Nc3 Be7 5. Nf3 O-O 6. O-O d6 7. d4 Bf5 8. b3 Qc8 9. Re1 Bh3 10. Bh1 h6 11. Bb2 Re8 12. Nd5 e4 13. Nd2 Bd8 14. Nxf6+ Bxf6 15. Nxe4 Qf5 16. Nxf6+ Qxf6 17. Qd2 Qg6 18. b4 Rab8 19. e4 f5 20. b5 Ne7 21. e5 dxe5 22. Rxe5 Kh8 23. Rae1 Ng8 24. Rxe8 Rxe8 25. Bxb7 Rxe1+ 26. Qxe1 f4 27. Bg2 Bxg2 28. Kxg2 fxg3 29. hxg3 Qc2 30. Qc3 Qe4+ 31. Qf3 Qc2 32. Bc3 Qxa2 33. Qd3 Qa3 34. d5 Nf6 35. Qf3 Qe7 36. Bd4 Qe4 37. Bxf6 Qxf3+ 38. Kxf3 gxf6 39. c5 Kg7 40. d6 cxd6 41. b6 1-0

[Event "45th FIDE Olympiad 2024"]
[Site "Budapest"]
[Date "2024.09.14"]
[Round "4.9"]
[White "Predke, Alexandr"]
[Black "Gukesh, D."]
[Result "0-1"]
[ECO "B13"]
[WhiteElo "2671"]
[BlackElo "2764"]
[Annotator "TA"]
[PlyCount "170"]
[EventDate "2024.09.05"]
[EventType "team-tourn"]
[EventCountry "HUN"]
[SourceTitle "playchess.com"]
[Source "ChessBase"]
[SourceQuality "1"]
[WhiteTeam "Serbia"]
[BlackTeam "India"]
[WhiteTeamCountry "SRB"]
[BlackTeamCountry "IND"]
[TimeControl "40/5400+30:1800+30"]

1. e4 c6 2. d4 d5 3. exd5 cxd5 4. Bd3 Nc6 5. c3 Qc7 6. h3 Nf6 7. Nf3 g6 8. Na3 a6 9. Nc2 Bf5 10. Bxf5 {[%emt 0:02:34] The position is equal.} gxf5 11. O-O e6 12. Nce1 Bd6 13. Nd3 Ne4 14. Bh6 Rg8 15. Qc1 O-O-O 16. Bf4 f6 17. Bxd6 Rxd6 18. Qf4 Ne7 19. Rac1 Ng6 {[%emt 0:00:53] Wards off Nh4} 20. Qh2 Rc6 21. Qxc7+ Kxc7 22. Rfe1 Kd6 23. Kf1 a5 24. g4 fxg4 25. hxg4 a4 26. a3 $1 Ne7 27. g5 fxg5 (27... Nxg5 28. Nxg5 Rxg5 29. Nc5 $11) 28. Nfe5 {[%emt 0:01:00] Repels Ng6} Rcc8 $1 29. f3 Nd2+ 30. Kg2 Nf5 $36 {[%emt 0:02:38][%mdl 2048] Black fights for an advantage.} 31. Rc2 Nb3 32. Rce2 Rc7 {[%emt 0:03:13] Active counter play!} 33. Ng4 Re7 34. Rh1 Nh4+ 35. Kg3 (35. Kf2 $15) 35... h5 $17 {[%emt 0:01:22] Some like it hot} 36. Nge5 Nf5+ 37. Kf2 Rh7 38. Rg1 Rgg7 39. Ke1 Ke7 40. Reg2 Kf6 41. Ke2 b6 42. Nc6 Nd6 43. Nce5 Na5 44. Rh2 Nac4 45. Rgh1 h4 46. Kf2 Ke7 47. Rg2 Nxe5 (47... Nf5 $142 48. Nxc4 dxc4) 48. Nxe5 Nf5 49. Re1 Rh8 50. Kg1 Rf8 51. Rge2 Kd6 {[%emt 0:00:30] Wards off Nc6} 52. Kg2 Ng3 53. Re3 Nh5 54. Kh2 Kc7 55. Rb1 Nf6 56. Kh3 Ne8 57. Rg1 (57. b3 $142) 57... Nd6 58. Rg4 (58. Rg2 $17) 58... b5 (58... Nf7 $19 59. c4 Nh6 (59... Nxe5 60. dxe5 Rgf7 61. cxd5 $17)) 59. Re2 (59. Rg2 $17) 59... Nc4 $1 $19 {[%emt 0:01:19] ...Nxe5 would now be deadly.} 60. Kg2 Kd6 61. Nd3 Rgf7 62. f4 (62. Nc5 $142) 62... gxf4 63. Kf3 Rf6 $2 ({Better is} 63... Rh8 $1 $19 64. Rxf4 Rg7) 64. Rxh4 $15 Rg8 65. Nxf4 $2 (65. Rxf4 $15 Rfg6 66. Kf2) 65... Rg1 $2 (65... e5 $19 66. dxe5+ Nxe5+ 67. Rxe5 Kxe5 68. Rh5+ Rf5 (68... Kd6 $2 69. Rxd5+ Kc6 70. Re5 $17) 69. Rxf5+ Kxf5) 66. Rg4 $17 Rf1+ 67. Kg3 e5 $1 68. dxe5+ Nxe5 69. Rg5 Rg1+ 70. Ng2 Nc4 71. Rh5 (71. Rg8 $17) 71... Kc6 ({Black should try} 71... Kc5 $1 $19 72. Rg5 Rh6) 72. Rh2 $2 (72. Rf2 $17 Rxf2 73. Kxf2) 72... Kc5 (72... Nd6 $142 {And now ...Ne4+ would win.} 73. Rh8 Ne4+ 74. Kh2 Rgf1) 73. Rh5 (73. Rh4 $142) 73... Kc6 $2 ({Black should play} 73... Rgf1 $19 {...Nd6 is the strong threat.} 74. Rg5 R1f3+ 75. Kg4 Kd6) 74. Rh8 $2 (74. Rh2 $1 $11 {and White is okay.}) 74... Rb1 (74... Nd6 $1 $19 {[%cal Rd6e4] Strongly threatening ...Ne4+.} 75. Rd8 Rgf1) 75. Nf4 Rxb2 76. Rc8+ {[%emt 0:00:20] [#]} (76. Rxb2 $17 {is the only way for White.} Nxb2 77. Ra8) 76... Kb7 $1 $19 77. Ree8 {[%emt 0:00:17] [#]} (77. Rxb2 {was necessary.} Nxb2 (77... Kxc8 78. Rxb5 Nxa3 79. Rb4 $11) 78. Rh8) 77... Nd6 $1 (77... Nxa3 78. Rb8+ Kc6 79. Rbc8+ Kb7 80. Rb8+ Kc6 81. Rec8+ Kd6 82. Rg8 $11 (82. Rd8+ Kc6 $14)) 78. Rb8+ Kc6 79. Red8 $2 (79. Nd3 {was worth a try.} Nxe8 80. Nxb2) 79... Ra2 {[%emt 0:00:53] Black is clearly winning.} 80. Ra8 Rxa3 81. Ne2 Kc5 82. Rd7 Ne4+ 83. Kg4 Rc6 {[%emt 0:00:45] White must now prevent ...Nf6+.} 84. Kf4 Nxc3 85. Nc1 Kc4 {[%emt 0:00:28] Weighted Error Value: White=0.14 (very precise) /Black=0.09 (flawless) .  Loses game:     	White=3     	---        Missed win:     	---       	Black=3      Mistake:       	White=10    	Black=5      Inaccurate:     	White=6     	Black=6      OK:         	White=18    	Black=32     Best:        	White=8     	Black=6      Strong:       	White=1     	Black=5} 0-1

[Event "45th FIDE Olympiad 2024"]
[Site "Budapest"]
[Date "2024.09.14"]
[Round "4.9"]
[White "Gontcharov, Serguei"]
[Black "Ferster, Fabian"]
[Result "0-1"]
[ECO "B33"]
[WhiteElo "1927"]
[BlackElo "2184"]
[PlyCount "102"]
[EventDate "2024.09.05"]
[EventType "team-tourn"]
[EventCountry "HUN"]
[WhiteTeam "Bermuda"]
[BlackTeam "Liechtenstein"]
[WhiteTeamCountry "BER"]
[BlackTeamCountry "LIE"]
[TimeControl "40/5400+30:1800+30"]

1. e4 c5 2. Nf3 Nc6 3. d4 cxd4 4. Nxd4 Nf6 5. Nc3 e5 6. Ndb5 d6 7. Bg5 a6 8. Na3 b5 9. Nd5 Be7 10. Bxf6 Bxf6 11. c3 Ne7 12. Nc2 Nxd5 13. Qxd5 Be6 14. Qd1 d5 15. a4 O-O 16. Bd3 bxa4 17. O-O dxe4 18. Bxe4 Qxd1 19. Rfxd1 Rab8 20. Rxa4 Rxb2 21. Na1 Rd8 22. Rxd8+ Bxd8 23. Rxa6 Re2 24. f3 Kf8 25. Nc2 Bc4 26. Rc6 Bb5 27. Rc8 Ke7 28. Rb8 Bc4 29. Nb4 Bc7 30. Rb7 Kd6 31. h4 g6 32. Bd3 Bxd3 33. Nxd3 Re3 34. Nf2 Re1+ 35. Kh2 Kc6 36. Rb3 e4+ 37. Kh3 e3 38. Nd3 Rh1+ 39. Kg4 f6 40. f4 e2 41. Nb4+ Kd7 42. Nd3 Rd1 43. Kf3 Rxd3+ 44. Kxe2 Rg3 45. Kf2 Bxf4 46. Rb7+ Ke6 47. Rxh7 Rxc3 48. h5 g5 49. h6 g4 50. Rg7 g3+ 51. Ke2 Bxh6 {0-} 0-1

[Event "45th FIDE Olympiad 2024"]
[Site "Budapest"]
[Date "2024.09.14"]
[Round "4.10"]
[White "Praggnanandhaa, R."]
[Black "Sarana, Alexey"]
[Result "1/2-1/2"]
[ECO "B94"]
[WhiteElo "2750"]
[BlackElo "2713"]
[Annotator "TA"]
[PlyCount "45"]
[EventDate "2024.09.05"]
[EventType "team-tourn"]
[EventCountry "HUN"]
[SourceTitle "playchess.com"]
[Source "ChessBase"]
[SourceQuality "1"]
[WhiteTeam "India"]
[BlackTeam "Serbia"]
[WhiteTeamCountry "IND"]
[BlackTeamCountry "SRB"]
[TimeControl "40/5400+30:1800+30"]

1. e4 c5 2. Nf3 d6 3. d4 cxd4 4. Nxd4 Nf6 5. Nc3 a6 6. Bg5 Nbd7 7. a4 e6 8. Qf3 Qc7 9. Be2 b6 10. O-O Bb7 {[%emt 0:00:10] The position is equal.} 11. Qg3 Be7 12. Rad1 Nc5 13. f3 O-O 14. Bh6 {[%emt 0:01:52][%csl Gh6][%cal Rg3g7] [#]} Ne8 15. Be3 Nf6 16. Nb3 Ncd7 17. Nd2 Rfd8 18. Nc4 Nc5 19. Rd2 Nh5 20. Qh3 Nf6 21. Qg3 Nh5 22. Qh3 Nf6 23. Qg3 {[%emt 0:10:20] A rather calm draw.   Weighted Error Value: White=0.04 (flawless) /Black=0.03 (flawless) .  OK:         	White=3     	Black=8} 1/2-1/2

[Event "45th FIDE Olympiad 2024"]
[Site "Budapest"]
[Date "2024.09.14"]
[Round "4.10"]
[White "Krieger, Markus"]
[Black "Lill, Sami"]
[Result "1-0"]
[ECO "C55"]
[WhiteElo "2153"]
[BlackElo "1902"]
[PlyCount "59"]
[EventDate "2024.09.05"]
[EventType "team-tourn"]
[EventCountry "HUN"]
[WhiteTeam "Liechtenstein"]
[BlackTeam "Bermuda"]
[WhiteTeamCountry "LIE"]
[BlackTeamCountry "BER"]
[TimeControl "40/5400+30:1800+30"]

1. e4 e5 2. Nf3 Nc6 3. Bc4 Nf6 4. d3 Be7 5. O-O O-O 6. Nbd2 d6 7. a4 Be6 8. Re1 a5 9. c3 Re8 10. Bb5 Bd7 11. Nf1 Qc8 12. Ng3 Na7 13. Bxd7 Qxd7 14. Nf5 Bf8 15. Bg5 Nd5 16. Nxg7 Bxg7 17. exd5 b5 18. axb5 Qxb5 19. c4 Qxb2 20. Rxa5 c6 21. Qa4 Qb6 22. Be3 c5 23. Nd2 Reb8 24. g3 e4 25. Ra6 Qb7 26. Nxe4 Nc8 27. Qe8+ Bf8 28. Nf6+ Kg7 29. Nh5+ Kg8 30. Qxf8+ 1-0

[Event "45th FIDE Olympiad 2024"]
[Site "Budapest"]
[Date "2024.09.14"]
[Round "4.11"]
[White "Indjic, Aleksandar"]
[Black "Erigaisi, Arjun"]
[Result "0-1"]
[ECO "D02"]
[WhiteElo "2611"]
[BlackElo "2778"]
[Annotator "TA"]
[PlyCount "80"]
[EventDate "2024.09.05"]
[EventType "team-tourn"]
[EventCountry "HUN"]
[SourceTitle "playchess.com"]
[Source "ChessBase"]
[SourceQuality "1"]
[WhiteTeam "Serbia"]
[BlackTeam "India"]
[WhiteTeamCountry "SRB"]
[BlackTeamCountry "IND"]
[TimeControl "40/5400+30:1800+30"]

1. Nf3 d5 2. g3 Nc6 3. d4 Bf5 4. Bg2 Nb4 5. Na3 e6 6. c3 Nc6 7. Qb3 Rb8 8. Nh4 {[%emt 0:00:21] The position is equal.} Be4 (8... Bg4 $11) 9. f3 $16 Bg6 10. Nxg6 hxg6 11. e4 Nf6 12. Bg5 {[%emt 0:12:43] Threatens to win with e5.} Be7 13. Bxf6 gxf6 14. exd5 exd5 15. Nc2 Na5 $36 {[%emt 0:01:48][%mdl 2048] Black has some pressure.} 16. Qb5+ c6 17. Qe2 Nc4 18. b3 Nd6 19. O-O Kf8 20. Ne1 Qa5 21. Rc1 Nf5 22. b4 Qc7 {[%emt 0:01:56][%cal Oh8h2] White must now prevent ...Rxh2!} 23. f4 a5 24. a3 Re8 {[%emt 0:02:36][%cal Oe7b4,Bb8e8,Be8a8,Ba8a2][%mdl 32] aiming for ...Bxb4!} 25. Qd2 Nd6 26. Nc2 f5 27. Rfe1 Kg7 28. Re2 Ra8 29. Ree1 Bf6 30. Re2 axb4 31. axb4 Ra2 32. Ree1 Rha8 {[%emt 0:00:49] Black has more active pieces.} 33. Ra1 (33. Qd1 $17) 33... Qb6 $19 34. Reb1 R8a4 35. Qc1 Qa7 36. Rxa2 Rxa2 37. Rb2 {[%emt 0:02:14] [#]} (37. Kh1 {was called for.}) 37... Nb5 $1 38. Rb3 $2 {[%emt 0:00:06] [#]} (38. Rxa2 Qxa2 39. Bf1 Nxc3 40. Bd3) 38... Nxc3 $1 {[%emt 0:01:09][%mdl 512] Black is clearly winning.} 39. Rxc3 Bxd4+ 40. Nxd4 Ra1 $1 {[%emt 0:00:05] Weighted Error Value: White=0.31/Black=0.04 (flawless) .  Mistake:       	White=3     	Black=1      Inaccurate:     	White=5     	---        OK:         	White=7     	Black=17     Best:        	White=1     	Black=2      Strong:       	---       	Black=1      Brilliant:      	---       	Black=1} (40... Qxd4+ 41. Qe3 Qxb4 42. Rc5 $11) 0-1

[Event "45th FIDE Olympiad 2024"]
[Site "Budapest"]
[Date "2024.09.14"]
[Round "4.11"]
[White "Gontcharov, Dimitri"]
[Black "Heron, Andrew"]
[Result "0-1"]
[ECO "B50"]
[WhiteElo "1653"]
[BlackElo "2026"]
[PlyCount "70"]
[EventDate "2024.09.05"]
[EventType "team-tourn"]
[EventCountry "HUN"]
[WhiteTeam "Bermuda"]
[BlackTeam "Liechtenstein"]
[WhiteTeamCountry "BER"]
[BlackTeamCountry "LIE"]
[TimeControl "40/5400+30:1800+30"]

1. e4 c5 2. Nf3 d6 3. Nc3 Nf6 4. e5 dxe5 5. Nxe5 e6 6. Bb5+ Nbd7 7. d4 Bd6 8. Nc4 Be7 9. dxc5 Bxc5 10. Nd6+ Bxd6 11. Qxd6 a6 12. Be2 Qb6 13. Qg3 h5 14. h3 h4 15. Qe3 Qxe3 16. Bxe3 Ne5 17. Bd4 Nc6 18. Bxf6 gxf6 19. O-O-O Bd7 20. Ne4 Ke7 21. Nc5 Bc8 22. Bf3 Rb8 23. Nxa6 Ra8 24. Nc7 Rxa2 25. Kb1 Ra5 26. Rhe1 Ne5 27. Be2 Bd7 28. b4 Ra4 29. Rd4 Nc6 30. Rf4 Rc8 31. Nd5+ exd5 32. Bb5+ Ne5 33. Bxa4 Bxa4 34. Rxh4 Bxc2+ 35. Kb2 Kd6 {0-} 0-1

[Event "45th FIDE Olympiad 2024"]
[Site "Budapest"]
[Date "2024.09.14"]
[Round "4.12"]
[White "Vidit, Santosh Gujrathi"]
[Black "Ivic, Velimir"]
[Result "1-0"]
[ECO "D16"]
[WhiteElo "2720"]
[BlackElo "2599"]
[Annotator "RC"]
[PlyCount "163"]
[EventDate "2024.09.05"]
[EventType "team-tourn"]
[EventCountry "HUN"]
[SourceTitle "playchess.com"]
[Source "ChessBase"]
[SourceQuality "1"]
[WhiteTeam "India"]
[BlackTeam "Serbia"]
[WhiteTeamCountry "IND"]
[BlackTeamCountry "SRB"]
[TimeControl "40/5400+30:1800+30"]

1. d4 d5 2. c4 c6 3. Nf3 Nf6 4. Nc3 dxc4 5. a4 e6 6. e3 c5 7. Bxc4 cxd4 8. exd4 Nc6 9. O-O Be7 10. Qe2 O-O 11. Rd1 Nb4 12. a5 Bd7 13. Ne5 Be8 14. h4 Kh8 15. h5 h6 16. Bf4 Nbd5 17. Bd2 a6 18. Qf3 Rc8 19. Nxd5 Nxd5 20. Rac1 Rc7 21. Bxd5 exd5 22. Rxc7 Qxc7 23. Rc1 Qd6 24. Qf5 Kg8 25. Rc3 Qf6 26. Qxf6 Bxf6 27. Rc7 Bxe5 28. dxe5 Bc6 29. Bc3 f6 30. exf6 gxf6 31. Re7 Rf7 32. Re6 d4 33. Bxd4 Rd7 34. Bc3 Rd5 35. Rxf6 Rxh5 36. f3 Rg5 37. Kh2 Rh5+ 38. Kg3 Rg5+ 39. Kf2 h5 40. Rh6 Kf7 41. Kg1 Rf5 42. Kh2 Rg5 43. Rd6 Rf5 44. Kh3 Rg5 45. Rd2 Rd5 46. Re2 Rd1 47. Kh2 Rd5 48. Re4 Rf5 49. Rd4 Rd5 50. Rf4+ Ke6 51. Rf6+ Ke7 52. Rh6 Kf7 53. Kh3 Rg5 54. g3 Rd5 55. Kh4 Rd1 56. f4 Rh1+ 57. Kg5 Rh3 58. Rh7+ Ke8 59. Be1 Rh1 60. Bb4 Rh3 61. Be1 Rh1 62. Bf2 Rh2 63. Bc5 Rg2 64. Re7+ Kd8 65. Re3 Rxb2 66. Bb6+ Kd7 67. Kxh5 Kd6 68. g4 Rg2 69. f5 Bd5 70. g5 Rh2+ 71. Kg6 Rh8 72. f6 Rg8+ 73. Kf5 Bf7 74. Re7 Bg6+ 75. Kf4 Rc8 76. Rg7 Bb1 77. Bc7+ Kd5 78. Rd7+ Kc6 79. Re7 Bg6 80. Ke5 Rh8 81. f7 Rf8 82. Kf6 1-0

[Event "45th FIDE Olympiad 2024"]
[Site "Budapest"]
[Date "2024.09.14"]
[Round "4.12"]
[White "Schadler, Martin"]
[Black "Dennis, Nathan"]
[Result "1-0"]
[ECO "D27"]
[WhiteElo "1891"]
[BlackElo "1828"]
[PlyCount "79"]
[EventDate "2024.09.05"]
[EventType "team-tourn"]
[EventCountry "HUN"]
[WhiteTeam "Liechtenstein"]
[BlackTeam "Bermuda"]
[WhiteTeamCountry "LIE"]
[BlackTeamCountry "BER"]
[TimeControl "40/5400+30:1800+30"]

1. d4 d5 2. c4 dxc4 3. e3 Nf6 4. Bxc4 e6 5. Nf3 a6 6. O-O c5 7. dxc5 Qxd1 8. Rxd1 Bxc5 9. a3 b5 10. Be2 Bb7 11. b4 Be7 12. Bb2 O-O 13. Nbd2 Rc8 14. Nd4 Nbd7 15. Rac1 Nb6 16. Bf3 Bd5 17. Nc6 Bf8 18. Nd4 Bxf3 19. gxf3 Nfd5 20. Ne2 Na4 21. Bd4 a5 22. e4 Ndb6 23. bxa5 Nd7 24. Bb6 Ndxb6 25. axb6 Rxc1 26. Rxc1 Nxb6 27. Nd4 Nc4 28. Nxc4 bxc4 29. Rxc4 Rxa3 30. Rc8 g6 31. Kg2 Kg7 32. Rc2 Be7 33. Rc7 Bf6 34. Nxe6+ Kh6 35. Rxf7 Bb2 36. Rf4 g5 37. Rf5 Bc1 38. Rf6+ Kh5 39. Ng7+ Kh4 40. Rh6# 1-0

[Event "45th FIDE Olympiad 2024"]
[Site "Budapest"]
[Date "2024.09.14"]
[Round "4.13"]
[White "Ding, Liren"]
[Black "Martirosyan, Haik M."]
[Result "1/2-1/2"]
[ECO "D41"]
[WhiteElo "2736"]
[BlackElo "2667"]
[Annotator "TA"]
[PlyCount "62"]
[EventDate "2024.09.05"]
[EventType "team-tourn"]
[EventCountry "HUN"]
[SourceTitle "playchess.com"]
[Source "ChessBase"]
[SourceQuality "1"]
[WhiteTeam "China"]
[BlackTeam "Armenia"]
[WhiteTeamCountry "CHN"]
[BlackTeamCountry "ARM"]
[TimeControl "40/5400+30:1800+30"]

1. d4 Nf6 2. c4 e6 3. Nf3 d5 4. Nc3 c5 5. cxd5 cxd4 6. Qxd4 exd5 7. e4 dxe4 8. Qxd8+ Kxd8 9. Ng5 {[%emt 0:00:02][%csl LRe4,LRf7] White has an edge.} Be6 10. Bb5 {[%emt 0:00:03][%cal Oc1f4][%mdl 1024] White has compensation.} a6 11. Ba4 (11. Be2 {simplifies} h6 12. Ngxe4 Nxe4 13. Nxe4 Bb4+ 14. Nc3) 11... Nbd7 (11... h6 {simplifies} 12. Nxe6+ fxe6 13. Bd2 Nbd7) 12. O-O (12. Bc2 {simplifies} Nc5 13. Nxe6+ Nxe6 14. Bd2) 12... Nc5 13. Rd1+ (13. Bc2 {simplifies} Rc8 14. Re1 Bd6 15. Nxe6+ Nxe6 16. Bd2) 13... Ke7 14. Bc2 Rc8 15. Be3 ({Don't play} 15. Ngxe4 Ncxe4 16. Bxe4 Rxc3 17. Bxb7 Rc7 18. Bxa6 Nd5 $17) 15... h6 16. Bxc5+ (16. Ngxe4 Ncxe4 17. Bxe4 Rxc3 18. Bxb7 Rc2 19. Bxa6 Rxb2 $19) 16... Rxc5 17. Ngxe4 Nxe4 18. Bxe4 b5 19. Rac1 f5 {[%emt 0:02:36] The position is equal.} 20. Bd5 Bxd5 $1 21. Nxd5+ Kf7 22. Nc7 Rxc1 23. Rxc1 $11 {[%emt 0:00:02][%mdl 4096] Endgame. KRB-KRN} Be7 {[%emt 0:05:28] And now ...Rc8 would win.} 24. Nxa6 Rd8 25. g3 Rd2 26. b4 Rxa2 27. Nc7 Rb2 28. Nxb5 Rxb4 29. Nc3 Rc4 {[%emt 0:01:19] [#] Threatens to win with ...Ba3.} 30. Ne2 Re4 31. Nc3 Rc4 {[%emt 0:00:06] Weighted Error Value: White=0.04 (flawless) /Black=0.02 (flawless) .  Inaccurate:     	White=1     	Black=1      OK:         	White=10    	Black=10     Best:        	---       	Black=4      Strong:       	---       	Black=1} 1/2-1/2

[Event "45th FIDE Olympiad 2024"]
[Site "Budapest"]
[Date "2024.09.14"]
[Round "4.13"]
[White "Almedina Ortiz, Edgardo J."]
[Black "Than, Min Hlaing"]
[Result "1-0"]
[ECO "B90"]
[WhiteElo "2196"]
[BlackElo "2121"]
[PlyCount "65"]
[EventDate "2024.09.05"]
[EventType "team-tourn"]
[EventCountry "HUN"]
[WhiteTeam "Puerto Rico"]
[BlackTeam "Myanmar"]
[WhiteTeamCountry "PUR"]
[BlackTeamCountry "MYA"]
[TimeControl "40/5400+30:1800+30"]

1. e4 c5 2. Nf3 d6 3. d4 cxd4 4. Nxd4 Nf6 5. Nc3 a6 6. Be3 e5 7. Nb3 Be7 8. f3 O-O 9. Qd2 Be6 10. O-O-O Nbd7 11. g4 b5 12. Rg1 Nb6 13. g5 Nfd7 14. Na5 b4 15. Nd5 Nxd5 16. exd5 Qxa5 17. dxe6 fxe6 18. Kb1 g6 19. Bh3 Kf7 20. Qg2 Rfd8 21. Bxe6+ Kg7 22. Qh3 Nc5 23. Bd5 Ra7 24. Rg4 Bf8 25. Rf4 Kh8 26. Rf6 Rg7 27. f4 Nd7 28. f5 gxf5 29. Rxf5 Qb5 30. Bf7 Qe2 31. Rg1 Rc8 32. Rf2 Qb5 33. g6 1-0